 Dungeon Crawl Stone Soup version 0.30.1-9-gdf580d7c3d (webtiles) character file.

Game seed: 14341171127928303834

198 Ivernyr the Twirler (level 5, -1/28 HPs)
             Began as a Vine Stalker Gladiator on Sept 27, 2023.
             Slain by Pikel
             ... wielding a +0 whip of freezing
              (3 damage)
             ... on level 4 of the Dungeon.
             The game lasted 00:07:53 (2495 turns).

Ivernyr the Twirler (Vine Stalker Gladiator)        Turns: 2495, Time: 00:07:54

Health: -1/28      AC:  7    Str: 19    XL:     5   Next: 76%
Magic:  0/6        EV: 18    Int:  8    God:
Gold:   227        SH:  0    Dex: 15    Spells: 4/4 levels left

rFire   . . .        a - +0 quarterstaff
rCold   . . .        (shield currently unavailable)
rNeg    . . .        b - +0 leather armour
rPois   .            c - +0 helmet
rElec   .            u - +1 cloak
rCorr   .            (no gloves)
SInv    .            k - +0 pair of boots
Will    .....        (no amulet)
Stlth   +            t - +5 ring of evasion
HPRegen 1.04/turn    (no ring)
MPRegen 0.10/turn

%: guardian spirit
@: no status effects
A: fangs 2, regeneration 1, magic shield, antimagic bite, no potion heal 2
a: no special abilities


You were on level 4 of the Dungeon.
You visited 1 branch of the dungeon, and saw 4 of its levels.

You collected 227 gold pieces.

Inventory:

Hand Weapons
 a - a +0 quarterstaff (weapon)
Missiles
 d - 3 throwing nets (quivered)
 e - a javelin
Armour
 b - a +0 leather armour (worn)
 c - a +0 helmet (worn)
 k - a +0 pair of boots (worn)
 u - a +1 cloak (worn)
Jewellery
 t - a +5 ring of evasion (left hand)
Scrolls
 f - 3 scrolls of blinking {unknown}
 g - 2 scrolls of enchant weapon {unknown}
 h - 2 scrolls of teleportation {unknown}
 m - 3 scrolls of identify {unknown}
 n - a scroll of silence {unknown}
 q - 2 scrolls of noise {unknown}
 r - a scroll of enchant armour {unknown}
 v - 3 scrolls of torment {unknown}
 w - a scroll of vulnerability {unknown}
Potions
 i - a potion of haste {unknown}
 j - 4 potions of curing {unknown}
 l - a potion of heal wounds {unknown}
 o - a potion of ambrosia {unknown}
 p - a potion of might {unknown}
 s - a potion of attraction {unknown}
 x - a potion of brilliance {unknown}


   Skills:
 + Level 3.3 Fighting
 + Level 3.9 Staves
 - Level 1.7 Throwing
 + Level 3.5 Dodging


You had 4 spell levels left.
You didn't know any spells.
Your spell library was empty.

Dungeon Overview and Level Annotations

Branches:
Dungeon (4/15)
 Temple: D:4-7

Altars:
Zin

Annotations:
D:4 Pikel


Innate Abilities, Weirdness & Mutations

You have extremely sharp teeth.
Your natural rate of healing is unusually fast.
When hurt, damage is shared between your health and your magic reserves.
Your bite disrupts and absorbs the magic of your enemies.
Potions cannot restore your health.


Message History

Pikel is almost dead.
Pikel hits you but does no damage.
You barely miss Pikel. You bite Pikel, but do no damage.
Pikel is almost dead.
Pikel misses you.
You hit Pikel but do no damage.
Pikel is almost dead.
Pikel barely misses you. Pikel hits you but does no damage.
You hit Pikel but do no damage. You bite Pikel. You drain his power.
You feel invigorated.
Pikel is almost dead.
Pikel misses you.
You barely miss Pikel.
Pikel is almost dead.
Pikel completely misses you.
You hit Pikel but do no damage. Your bite misses Pikel.
Pikel is almost dead.
Pikel barely misses you.
You barely miss Pikel.
Pikel is almost dead.
Pikel hits you with a +0 whip of freezing.
Pikel freezes you.
You hit Pikel but do no damage. You bite Pikel. You drain his power.
Pikel is almost dead.
Pikel hits you but does no damage.
You barely miss Pikel. Your bite misses Pikel.
Pikel is almost dead.
Pikel hits you with a +0 whip of freezing.
* * * LOW HITPOINT WARNING * * *
Pikel freezes you.
* * * LOW HITPOINT WARNING * * *
You closely miss Pikel. You bite Pikel, but do no damage.
Pikel is almost dead.
Pikel barely misses you.
You hit Pikel but do no damage.
Pikel is almost dead.
Pikel hits you with a +0 whip of freezing!
* * * LOW HITPOINT WARNING * * *
Pikel freezes you.
You die...

####.##### ...?55...#
####.###.# #5######## #.
#5........# # #.#
#5#######.# #.#.# #.#
#.# ##.#.###5#######.#
.......555K@.<#.#
#.###.#.###########.#
##.....#.##........#.###
..............<.†......#
#.######.##.#####.....<#
..#.# #............#.###
....# #).##........#.#
....###.......######.#
##.............. )..#


You could see Pikel and 4 lemures.

Vanquished Creatures
  A hound (D:3)
  8 gnolls
  2 adders
  2 worms
  3 dart slugs
  4 ball pythons
  3 bats
  2 endoplasms
  A giant cockroach (D:3)
  4 goblins
  4 hobgoblins
  2 jackals (D:1)
  9 kobolds
  7 quokkas
  11 frilled lizards
  7 rats
70 creatures vanquished.

Notes
Turn   | Place    | Note
-------+----------+-------------------------------------------
     0 | D:1      | Ivernyr the Vine Stalker Gladiator began the quest for the
                  | Orb.
     0 | D:1      | Reached XP level 1. HP: 11/11 MP: 2/2
    77 | D:1      | Reached XP level 2. HP: 14/15 MP: 3/3
   229 | D:1      | Found a faded altar of an unknown god.
   810 | D:2      | Reached XP level 3. HP: 18/18 MP: 4/4
  1402 | D:2      | You fall into a shaft and drop 2 floors!
  1468 | D:4      | Gained mutation: Your natural rate of healing is unusually
                  | fast. [Vine Stalker growth]
  1468 | D:4      | Reached XP level 4. HP: 20/23 MP: 3/5
  1624 | D:3      | Reached XP level 5. HP: 28/28 MP: 6/6
  2405 | D:3      | Found a glowing silver altar of Zin.
  2455 | D:4      | Noticed a lemure
  2455 | D:4      | Noticed a lemure
  2455 | D:4      | Noticed a lemure
  2456 | D:4      | Noticed Pikel
  2467 | D:4      | HP: 1/28 [Pikel/+0 whip of freezing (3)]
  2467 | D:4      | Noticed a lemure
  2495 | D:4      | Slain by Pikel

Illustrated notes

Levels and vault maps discovered:
D:1:      dpeg_arrival_court, layout_rooms, nicolae_ecumenical_lake_church,
          patterned_corridor
D:2:      layout_loops_corners, minmay_lizard_king
D:3:      layout_rooms, zin_statuary
D:4:      layout_basic, minmay_temple_entry_tees, minivault_4, uniq_pikel

Skill      XL: |  1  2  3  4 |
---------------+-------------+-----
Fighting       | 2 3 |  3.3
Staves         | 3 |  3.9
Dodging        | 3 |  3.5
Throwing       | |  1.7

Action                     |  1- 3 |  4- 6 || total
---------------------------+-------+-------++-------
  Melee: Quarterstaff      |    78 |   112 ||   190
         Bite              |    22 |    25 ||    47
   Stab: Sleeping          |     5 |       ||     5
 Armour: Leather armour    |    22 |    37 ||    59
  Dodge: Dodged            |    52 |    93 ||   145
